 Dungeon Crawl Stone Soup version 0.26-b1-32-g5d43845318 (webtiles) character file.

Game seed: 3509651931087137547

57030 HoaS the Brawler (level 14, 0/125 HPs)
             Began as a Ghoul Gladiator on Jan 10, 2021.
             Was the Champion of Makhleb.
             Slain by an ettin
             ... wielding a +1 vorpal dire flail
              (11 damage)
             ... on level 1 of the Orcish Mines.
             The game lasted 00:41:34 (15513 turns).

HoaS the Brawler (Ghoul Gladiator)                 Turns: 15513, Time: 00:41:34

Health: 0/125      AC: 21    Str: 26    XL:     14   Next: 84%
Magic:  0/13       EV: 12    Int:  3    God:    Makhleb [******]
Gold:   1975       SH:  0    Dex: 13    Spells: 13/13 levels left

rFire    . . .     SeeInvis .     - Unarmed
rCold    + . .     Faith    .   (no shield)
rNeg     + + +     Spirit   +   A - +0 plate armour
rPois    ∞         Reflect  .   b - +1 helmet
rElec    .         Harm     .   o - +1 cloak
rCorr    .         Rampage  .   (no gloves)
Will     ++...                  M - +1 pair of boots
Stlth    ..........             i - amulet of guardian spirit
HPRegen  0.00/turn              p - ring of willpower
MPRegen  0.13/turn              K - +6 ring of strength

@: no status effects
A: claws 1, cold resistance 1, negative energy resistance 3, inhibited
regeneration, torment resistance, unbreathing
a: Renounce Religion, Minor Destruction, Lesser Servant of Makhleb, Major
Destruction, Greater Servant of Makhleb


You were on level 1 of the Orcish Mines.
You worshipped Makhleb.
Makhleb was exalted by your worship.
You visited 4 branches of the dungeon, and saw 20 of its levels.
You also visited: Sewer, Ossuary and Gauntlet.

You collected 1975 gold pieces.

Inventory:

Missiles
 f - 45 poisoned darts (quivered)
 l - 24 silver javelins
 n - 34 boomerangs
 t - 2 atropa-tipped darts
 w - 9 javelins
 y - 4 curare-tipped darts
 Q - a throwing net
Armour
 b - a +1 helmet (worn)
 o - a +1 cloak (worn)
 A - a +0 plate armour (worn)
 M - a +1 pair of boots (worn)
 P - a scarf of repulsion
Jewellery
 i - an amulet of guardian spirit (around neck)
 p - a ring of willpower (left claw)
 s - an uncursed ring of flight
 I - an uncursed ring of protection from cold
 K - a +6 ring of strength (right claw)
 O - an uncursed ring of ice
Wands
 g - a wand of flame (24)
 v - a wand of disintegration (41)
 x - a wand of acid (29)
 B - a wand of paralysis (13)
 C - a wand of polymorph (12)
 F - a wand of enslavement (11)
 G - a wand of iceblast (11)
 H - a wand of digging (14)
Scrolls
 a - 7 scrolls of identify
 c - 7 scrolls of teleportation
 d - 7 scrolls of magic mapping
 r - 5 scrolls of blinking
 u - 4 scrolls of remove curse
 z - 2 scrolls of fog
 D - 2 scrolls of enchant armour
 E - a scroll of fear
Potions
 e - 18 potions of curing
 h - a potion of might
 j - 9 potions of heal wounds
 k - 5 potions of haste
 m - 10 potions of flight
 q - 2 potions of attraction
 J - a potion of cancellation
 N - a potion of invisibility
 T - a potion of ambrosia


   Skills:
 + Level 11.7 Fighting
 - Level 1.7 Throwing
 + Level 9.7 Armour
 + Level 10.1 Dodging
 * Level 20.2 Unarmed Combat


You had 13 spell levels left.
You didn't know any spells.
Your spell library contained the following spells:

 Spells                   Type           Power        Failure   Level
 Animate Skeleton         Necr           0%           99%         1
 Magic Dart               Conj           0%           99%         1
 Pain                     Necr           0%           99%         1
 Sting                    Tmut/Pois      0%           99%         1
 Blink                    Tloc           N/A          100%        2
 Call Imp                 Summ           0%           100%        2
 Slow                     Hex            0%           100%        2
 Confusing Touch          Hex            0%           100%        3
 Conjure Flame            Conj/Fire      0%           100%        3
 Gell's Gravitas          Tloc           0%           100%        3
 Lesser Beckoning         Tloc           0%           100%        3
 Mephitic Cloud           Conj/Pois/Air  0%           100%        3
 Static Discharge         Conj/Air       0%           100%        3
 Stone Arrow              Conj/Erth      0%           100%        3
 Teleport Other           Tloc           0%           100%        3
 Vampiric Draining        Necr           0%           100%        3
 Animate Dead             Necr           0%           100%        4
 Leda's Liquefaction      Hex/Erth       0%           100%        4
 Passage of Golubria      Tloc           N/A          100%        4
 Petrify                  Tmut/Erth      0%           100%        4
 Agony                    Necr           0%           100%        5
 Lee's Rapid Deconstruct  Erth           0%           100%        5
 Lightning Bolt           Conj/Air       0%           100%        5
 Metabolic Englaciation   Hex/Ice        0%           100%        5
 Yara's Violent Unravell  Hex/Tmut       0%           100%        5
 Ignition                 Fire           0%           100%        8
 Shatter                  Erth           0%           100%        9
 Tornado                  Air            0%           100%        9
 Beastly Appendage        Tmut           Unusable     N/A         1
 Wereblood                Tmut           Unusable     N/A         2
 Spider Form              Tmut/Pois      Unusable     N/A         3
 Ice Form                 Ice/Tmut       Unusable     N/A         4
 Blade Hands              Tmut           Unusable     N/A         5

Dungeon Overview and Level Annotations

Branches:
Dungeon (12/15)            Temple (1/1) D:6            Lair (6/6) D:9
  Swamp (0/4) Lair:4       Spider (0/4) Lair:3        Slime (0/5) Lair:5
    Orc (1/2) D:11          Sewer (visited)         Ossuary (visited)
Gauntlet (visited)

Altars:
Ashenzari
Cheibriados
Dithmenos
Elyvilon
Fedhas
Gozag
Hepliaklqana
Kikubaaqudgha
Makhleb
Nemelex Xobeh
Okawaru
Qazlal
Ru
Sif Muna
Trog
Uskayaw
Vehumet
Wu Jian
Xom
Yredelemnul
Zin
The Shining One
Jiyva
Lugonu

Shops:
D:7 }

Annotations:
D:8 1 transporter, Joseph


Innate Abilities, Weirdness & Mutations

You thrive by killing the living.
You are immune to poison.
You have sharp fingernails.
Your flesh is cold resistant. (rC+)
You are immune to negative energy. (rN+++)
You do not regenerate when monsters are visible.
You are immune to unholy pain and torment.
You can survive without breathing.


Message History

The ettin is moderately wounded.
You barely miss the ettin.
The ettin is moderately wounded.
The ettin barely misses you. The ettin closely misses you.
You mangle the ettin!!
The ettin is heavily wounded.
You scratch the ettin but do no damage.
The ettin is heavily wounded.
The ettin hits you with a +1 vorpal dire flail!!
The ettin hits you but does no damage.
The orc knight roars a battlecry!
You hear a shout!
You barely miss the ettin.
The ettin is heavily wounded.
You mangle the ettin!!
The ettin is almost dead.
The ettin hits you with a +1 vorpal dire flail!!
* * * LOW HITPOINT WARNING * * *
x2 The ettin hits you with a +0 dire flail!
You die...

##...............
#.....#.......##.
##.....##....####
###....#.......##
#....#.#........
##.#............$
##.....#...###..
##.#......##.#.
##.##..#@##...#
#...#.oC##.....
...#..oo#......
................
......o........
....o...)...#..#
....#...........
...#............
.......o.......


You could see an orc knight, an ettin, an orc warrior (strong), an orc wizard
(strong) and 2 orcs.

Vanquished Creatures
  Gastronok (D:10)
  A minotaur (Gauntlet)
  A great orb of eyes (shapeshifter) (Gauntlet)
  Fannar (D:11)
  3 hydras
  3 catoblepae (Lair:6)
  2 two-headed ogres
  Erica (D:11)
  11 death yaks (Lair:6)
  Nergalle (D:10)
  Pikel (D:7)
  A harpy (shapeshifter) (Gauntlet)
  An orb spider (Lair:3)
  An orc sorcerer (Orc:1)
  2 cyclopes
  An oklob plant (Lair:2)
  2 manticores (Lair:6)
  9 elephants (Lair:4)
  A water nymph (shapeshifter) (Gauntlet)
  A smoke demon (Gauntlet)
  3 black mambas
  10 cane toads
  12 komodo dragons
  A rime drake (Lair:1)
  A red devil (Gauntlet)
  A hornet (D:12)
  3 trolls
  5 polar bears
  11 dream sheep
  10 blink frogs
  5 slime creatures (D:12)
  6 flying skulls (Gauntlet)
  A wraith (D:10)
  3 wyverns
  5 basilisks
  47 yaks
  Menkaure (Ossuary)
  A steam dragon (D:9)
  3 vampire mosquitoes (D:11)
  7 water moccasins
  10 orc warriors
  3 black bears
  7 sky beasts
  Purgy (Sewer)
  5 ice beasts
  6 ogres
  A phantom (D:11)
  A necrophage (D:9)
  10 centaurs
  2 big kobolds
  19 bullfrogs
  A gnoll sergeant (D:6)
  A water moccasin zombie (D:10)
  A wyvern skeleton (D:12)
  A wyvern zombie (D:12)
  9 scorpions
  11 killer bees
  4 wights (D:12)
  3 electric eels
  A howler monkey (D:9)
  3 crimson imps (Gauntlet)
  6 hounds
  5 orc priests
  3 jellies
  12 orc wizards
  3 bullfrog skeletons
  A centaur skeleton (D:4)
  9 worker ants
  A hound zombie (D:11)
  3 mummies (Ossuary)
  5 gnolls (D:6)
  24 adders
  2 river rats (D:4)
  3 shadow imps
  2 white imps
  An ufetubus (D:10)
  6 oozes
  An adder zombie (D:9)
  An adder skeleton (D:8)
  5 worms
  The ghost of zkyp the Sneak, a weakling MfDe (D:5)
  2 dart slugs (D:2)
  12 leopard geckos
  32 orcs
  3 bats
  6 giant cockroaches
  8 gnoll zombies (Ossuary)
  5 goblins (D:1)
  10 hobgoblins
  15 jackals
  4 quokkas
  6 ball pythons
  16 frilled lizards
  4 gnoll skeletons (Ossuary)
  6 goblin skeletons (Ossuary)
  3 goblin zombies (Ossuary)
  A hobgoblin skeleton (Ossuary)
  4 hobgoblin zombies (Ossuary)
  A jackal zombie (D:6)
  25 kobolds
  2 kobold skeletons (Ossuary)
  3 kobold zombies (Ossuary)
  A leopard gecko zombie (D:6)
  7 orc skeletons (Ossuary)
  2 orc zombies (Ossuary)
  9 rats
  2 rat skeletons (Ossuary)
  5 rat zombies (Ossuary)
  A butterfly (Lair:5)
570 creatures vanquished.

Vanquished Creatures (others)
  A hobgoblin skeleton (Ossuary)
  An orc skeleton (Ossuary)
  A rat skeleton (Ossuary)
  A bush (Lair:1)
  14 fungi
  19 plants
37 creatures vanquished.

Grand Total: 607 creatures vanquished

Notes
Turn   | Place    | Note
-------+----------+-------------------------------------------
     0 | D:1      | HoaS the Ghoul Gladiator began the quest for the Orb.
     0 | D:1      | Reached XP level 1. HP: 17/17 MP: 0/0
    22 | D:1      | Reached XP level 2. HP: 21/24 MP: 1/1
   101 | D:1      | Reached skill level 4 in Unarmed Combat
   190 | D:1      | Reached XP level 3. HP: 29/29 MP: 2/2
   489 | D:1      | Reached skill level 5 in Unarmed Combat
   590 | D:1      | Reached XP level 4. HP: 36/36 MP: 3/3
   659 | D:2      | Reached skill level 6 in Unarmed Combat
   684 | D:2      | Reached XP level 5. HP: 35/41 MP: 4/4
   766 | D:2      | Found a sparkling altar of Nemelex Xobeh.
   877 | D:2      | Found a shadowy altar of Dithmenos.
  1623 | D:3      | Found a faded altar of an unknown god.
  1656 | D:3      | Noticed an ogre
  1657 | D:3      | Found a bloodstained altar of Trog.
  1668 | D:3      | Killed an ogre
  1669 | D:3      | Reached skill level 7 in Unarmed Combat
  1669 | D:3      | Reached XP level 6. HP: 48/48 MP: 5/5
  1951 | D:4      | Found a glowing drain.
  1955 | D:4      | Reached skill level 8 in Unarmed Combat
  1962 | Sewer    | Entered a sewer
  1985 | Sewer    | Noticed Purgy
  2001 | Sewer    | Killed Purgy
  2002 | Sewer    | Reached XP level 7. HP: 51/55 MP: 4/6
  2186 | D:4      | Reached skill level 9 in Unarmed Combat
  2190 | D:4      | Found a sand-covered staircase.
  2199 | Ossuary  | Entered an ossuary
  2517 | Ossuary  | Noticed Menkaure
  2532 | Ossuary  | Killed Menkaure
  2926 | D:4      | Reached skill level 10 in Unarmed Combat
  3020 | D:4      | Reached XP level 8. HP: 59/61 MP: 7/7
  3196 | D:5      | Entered Level 5 of the Dungeon
  3227 | D:5      | Found a blossoming altar of Fedhas.
  3316 | D:5      | Found a runed translucent gate.
  3318 | D:5      | Found a runed translucent gate.
  3319 | D:5      | Found a runed translucent gate.
  3346 | D:5      | Noticed zkyp's ghost (weakling MfDe)
  3363 | D:5      | Killed zkyp's ghost
  3373 | D:5      | Reached skill level 11 in Unarmed Combat
  3411 | D:5      | Found an opulent altar of Gozag.
  3725 | D:6      | Found a staircase to the Ecumenical Temple.
  3746 | Temple   | Entered the Ecumenical Temple
  3961 | Temple   | Became a worshipper of Makhleb the Destroyer
  4111 | D:6      | Reached skill level 12 in Unarmed Combat
  4351 | D:6      | Reached XP level 9. HP: 68/68 MP: 8/8
  4353 | D:6      | Reached skill level 1 in Armour
  4417 | D:7      | Found Biozxiar's Gadget Emporium.
  4517 | D:7      | Reached * piety under Makhleb
  4593 | D:7      | Noticed Pikel
  4609 | D:7      | Killed Pikel
  5098 | D:7      | Noticed a komodo dragon
  5120 | D:7      | Killed a komodo dragon
  5121 | D:7      | Reached skill level 13 in Unarmed Combat
  5226 | D:8      | Reached XP level 10. HP: 80/80 MP: 9/9
  5242 | D:8      | Noticed a brown ugly thing
  5243 | D:8      | Found a transporter.
  5243 | D:8      | Noticed a brown ugly thing
  5244 | D:8      | Found a corrupted altar of Lugonu.
  5244 | D:8      | Noticed a green ugly thing
  5271 | D:8      | Noticed Joseph
  5463 | D:8      | Noticed a two-headed ogre
  5477 | D:8      | Killed a two-headed ogre
  5478 | D:8      | Reached skill level 5 in Fighting
  5516 | D:8      | Reached ** piety under Makhleb
  5810 | D:9      | Reached skill level 5 in Dodging
  5848 | D:9      | Found a shimmering blue altar of Sif Muna.
  5935 | D:9      | Found a blossoming altar of Fedhas.
  6095 | D:9      | Reached skill level 14 in Unarmed Combat
  6246 | D:9      | Reached *** piety under Makhleb
  6499 | D:9      | Reached XP level 11. HP: 87/91 MP: 7/10
  6509 | D:9      | Reached skill level 5 in Armour
  6509 | D:9      | Reached skill level 15 in Unarmed Combat
  6539 | D:9      | Found a staircase to the Lair.
  6751 | D:10     | Entered Level 10 of the Dungeon
  6934 | D:10     | Found a shimmering altar of Xom.
  7044 | D:10     | Noticed Gastronok
  7059 | D:10     | Killed Gastronok
  7356 | Lair:1   | Entered Level 1 of the Lair of Beasts
  7368 | Lair:1   | Reached skill level 16 in Unarmed Combat
  7435 | Lair:1   | Noticed a six-headed hydra
  7467 | Lair:1   | Killed a six-headed hydra
  7511 | Lair:1   | Reached **** piety under Makhleb
  7584 | Lair:1   | Reached XP level 12. HP: 98/101 MP: 5/11
  7588 | Lair:1   | Reached skill level 17 in Unarmed Combat
  8352 | Lair:2   | Noticed a five-headed hydra
  8363 | Lair:2   | Killed a five-headed hydra
  8967 | Lair:3   | Reached skill level 18 in Unarmed Combat
  9164 | Lair:3   | Found a hole to the Spider Nest.
 10102 | Lair:4   | Reached ***** piety under Makhleb
 10103 | Lair:4   | Reached XP level 13. HP: 103/111 MP: 9/12
 10382 | Lair:4   | Found a staircase to the Swamp.
 10917 | Lair:5   | Reached skill level 10 in Fighting
 10955 | Lair:5   | Found a staircase to the Slime Pits.
 10955 | Lair:5   | Found a viscous altar of Jiyva.
 11442 | Lair:6   | Entered Level 6 of the Lair of Beasts
 11462 | Lair:6   | Found a gate leading to a gauntlet.
 11472 | Gauntlet | Entered a Gauntlet
 11472 | Gauntlet | Found a transporter.
 11472 | Gauntlet | Found a transporter.
 11493 | Gauntlet | Found a transporter.
 11494 | Gauntlet | Found a transporter.
 11503 | Gauntlet | Found a transporter.
 11506 | Gauntlet | Found a transporter.
 11514 | Gauntlet | Found a transporter.
 11530 | Gauntlet | Found a transporter.
 11531 | Gauntlet | Found a runed translucent door.
 11533 | Gauntlet | Found a runed translucent door.
 11544 | Gauntlet | Found a transporter.
 11548 | Gauntlet | Found a transporter.
 11554 | Gauntlet | Noticed a spark wasp
 11554 | Gauntlet | a slime creature changed into a spark wasp
 11556 | Gauntlet | Found a transporter.
 11556 | Gauntlet | a spark wasp changed into a queen ant
 11560 | Gauntlet | Found a transporter.
 11650 | Gauntlet | Noticed a green draconian
 11651 | Gauntlet | a green draconian changed into a death yak
 11669 | Gauntlet | Noticed a spark wasp
 11669 | Gauntlet | an eight-headed hydra changed into a spark wasp
 11670 | Gauntlet | Noticed an ettin
 11670 | Gauntlet | a spark wasp changed into an ettin
 11673 | Gauntlet | an ettin changed into a wolf spider
 11681 | Gauntlet | Noticed an ice dragon
 11681 | Gauntlet | a wolf spider changed into an ice dragon
 11788 | Gauntlet | Reached skill level 19 in Unarmed Combat
 11796 | Gauntlet | Identified the Reference Book on Earth and Moulding
 11809 | Gauntlet | Noticed a bunyip
 11809 | Gauntlet | a boulder beetle changed into a bunyip
 11820 | Gauntlet | Noticed a spark wasp
 11820 | Gauntlet | a bunyip changed into a spark wasp
 11821 | Gauntlet | Noticed an ice dragon
 11821 | Gauntlet | a spark wasp changed into an ice dragon
 11826 | Gauntlet | an ice dragon changed into a goliath frog
 11831 | Gauntlet | Noticed a spark wasp
 11831 | Gauntlet | a goliath frog changed into a spark wasp
 11832 | Gauntlet | a spark wasp changed into something unseen
 11845 | Gauntlet | Noticed an ice dragon
 11846 | Gauntlet | Noticed an ettin
 11846 | Gauntlet | an ice dragon changed into an ettin
 11848 | Gauntlet | an ettin changed into a six-headed hydra
 11851 | Gauntlet | Noticed a great orb of eyes
 11851 | Gauntlet | a six-headed hydra changed into a great orb of eyes
 11855 | Gauntlet | Killed a great orb of eyes
 11865 | Gauntlet | Got a shimmering cloak
 11866 | Gauntlet | Identified the +0 cloak "Noinean" {rPois rC- Regen+ rCorr}
                  | (You found it in a Gauntlet)
 11960 | Gauntlet | Noticed a minotaur
 11973 | Gauntlet | Killed a minotaur
 12429 | Lair:6   | Reached XP level 14. HP: 122/122 MP: 9/13
 13573 | D:11     | Noticed Nergalle
 13593 | D:10     | Killed Nergalle
 13794 | D:10     | Reached ****** piety under Makhleb
 13864 | D:11     | Reached skill level 20 in Unarmed Combat
 13891 | D:11     | Found a staircase to the Orcish Mines.
 14002 | D:11     | Noticed Fannar
 14030 | D:11     | Killed Fannar
 14079 | D:11     | Noticed Erica
 14082 | D:11     | Killed Erica
 14083 | D:11     | Reached skill level 10 in Dodging
 14697 | D:12     | Found an opulent altar of Gozag.
 14850 | D:12     | Found a sparkling altar of Nemelex Xobeh.
 15441 | Orc:1    | Entered Level 1 of the Orcish Mines
 15513 | Orc:1    | Slain by an ettin

Illustrated notes

Levels and vault maps discovered:
D:1:      giann_forest_graveyard, layout_rooms, minmay_shallow_snake_nest
D:2:      layout_basic, lemuel_crystal_altar, general_overflow_altar
D:3:      layout_basic, chequers_ecumenical_altar_simple_redux,
          trog_butcher_becter
D:4:      layout_cave_pools, nicolae_ossuary_entry_monument,
          lightli_sewer_entry_pipes
D:5:      layout_rooms, marbit_many_paths, ebering_ghost_rock_garden,
          basic_altar
D:6:      layout_basic, minmay_temple_entry_waves
D:7:      layout_loops_ring, serial_shops, shop_coins, minmay_lizard_king,
          uniq_pikel
D:8:      gammafunk_corrupted_shrine, layout_basic, minmay_manual_moon,
          uniq_joseph
D:9:      layout_roguey, nicolae_overflow_crystal_walls, erik_lair_dragon,
          fedhas_altar_4
D:10:     layout_roguey, basic_altar, uniq_gastronok
D:11:     layout_irregular_city, erik_orc_2, minivault_1, uniq_fannar,
          uniq_nergalle, uniq_erica
D:12:     layout_long_grid, basic_altar, nicolae_gozag_seed_capital
Temple:   eino_narrow_crystal_temple
Lair:1:   layout_chaotic_city, lemuel_fruit_fields
Lair:2:   layout_small_grid, st_stairs_9, grunt_megastairs_2,
          infiniplex_staircase_pool, minmay_lair_oklob_chamber
Lair:3:   layout_loops_ring, nicolae_spider_entry_orb_guardian, uniq_urug
Lair:4:   layout_regular_city, swamp_mist, serial_forest,
          infiniplex_forest_end_2, infiniplex_forest_straight_3,
          infiniplex_forest_clump_tiny, infiniplex_forest_clump_double,
          infiniplex_forest_clump_medium, infiniplex_forest_clump_large
Lair:5:   layout_roguey, slime_altar_1, lemuel_fruit_fields
Lair:6:   evilmike_catoblepas_cave, layout_cellular_growth,
          gauntlet_entry_generic, lemuel_fruit_tree
Orc:1:    layout_caves

Skill      XL: |  1  2  3  4  5  6  7  8  9 10 11 12 13 14 |
---------------+-------------------------------------------+-----
Unarmed Combat | 4 5 6 7 8 10 12 13 14 16 18 19 20 | 20.2
Dodging        | 3 4 5 7 8 9 10 | 10.1
Armour         | 3 4 6 7 8 9 |  9.7
Fighting       | 4 6 8 9 10 11 | 11.7
Throwing       | |  1.7

Action                   |  1- 3 |  4- 6 |  7- 9 | 10-12 | 13-15 || total
-------------------------+-------+-------+-------+-------+-------++-------
Melee: Unarmed           |   120 |   222 |   396 |   536 |   592 ||  1866
       Punch             |     1 |     6 |    16 |    34 |    83 ||   140
Throw: Throwing net      |       |     3 |       |       |     2 ||     5
       Dart              |       |     1 |     1 |       |       ||     2
Evoke: Wand              |       |       |     1 |     5 |    13 ||    19
  Use: Scroll            |       |    10 |    11 |     9 |     7 ||    37
Armor: Leather armour    |     9 |       |       |       |       ||     9
       Chain mail        |    49 |   103 |   127 |       |       ||   279
       Plate armour      |       |       |    44 |   236 |   277 ||   557
Dodge: Dodged            |    54 |    69 |   101 |   167 |   284 ||   675
